| TOP OF THE 1ST |
|
University of Alabama Crimson Tide batting - Pitching for University of Oklahoma Sooners : RHP Hi-yuan Hui
|
|
Pitching: RHP Hi-yuan Hui
|
|
|
Batting: RHB Juan Araiza
|
0-0: Ball 1-0: Foul Ball, location: 2F 1-1: Called Strike 1-2: Strikes out swinging
|
|
Batting: RHB B.J. Clark
|
0-0: Called Strike 0-1: Ball 1-1: Fly out, F9 (Line Drive, 9D, EV 86.2 MPH)
|
|
Batting: RHB Hughie Withers
|
0-0: Called Strike 0-1: Called Strike 0-2: Ground out 3-1 (Groundball, 34, EV 83.8 MPH)
|
| Top of the 1st over - 0 runs, 0 hits, 0 errors, 0 left on base; University of Alabama 0 - University of Oklahoma 0 |
| BOTTOM OF THE 1ST |
|
University of Oklahoma Sooners batting - Pitching for University of Alabama Crimson Tide : RHP Kirk James
|
|
Pitching: RHP Kirk James
|
|
|
Batting: LHB Cameron Marinelli
|
0-0: Ball 1-0: Ball 2-0: Ball 3-0: Called Strike 3-1: Base on Balls
|
|
Batting: RHB Jesus Montoya
|
0-0: Called Strike 0-1: Foul Ball, location: 2F Pickoff Throw to First - Out! 1-3 0-2: Ball 1-2: Ball 2-2: Strikes out swinging
|
|
Batting: LHB Alex Gutierrez
|
0-0: Called Strike 0-1: Foul Ball, location: 2F 0-2: Ball 1-2: Foul Ball, location: 2F 1-2: Strikes out swinging
|
| Bottom of the 1st over - 0 runs, 0 hits, 0 errors, 0 left on base; University of Alabama 0 - University of Oklahoma 0 |
| TOP OF THE 2ND |
|
University of Alabama Crimson Tide batting - Pitching for University of Oklahoma Sooners : RHP Hi-yuan Hui
|
|
Batting: LHB Danny Schultz
|
0-0: Ball 1-0: Fly out, F9 (Flyball, 9S, EV 95.6 MPH)
|
|
Batting: RHB Eric Kilmer
|
0-0: Called Strike 0-1: Ball 1-1: Called Strike 1-2: Ball 2-2: Ground out 1-3 (Groundball, 34S, EV 65.6 MPH)
|
|
Batting: RHB Gustavo Delgado
|
0-0: Foul Ball, location: 2F 0-1: Swinging Strike 0-2: Ball 1-2: Ball 2-2: Ball 3-2: SINGLE (Line Drive, 78S, EV 93.1 MPH)
|
|
Batting: RHB Matt Williams
|
0-0: Ball 1-0: Ball 2-0: Called Strike 2-1: Swinging Strike 2-2: Foul Ball, location: 2F 2-2: Ball 3-2: SINGLE (Flyball, 9LS, EV 90.0 MPH) Gustavo Delgado to second Gustavo Delgado to third
|
|
Batting: LHB Edwin Vasquez
|
0-0: Swinging Strike 0-1: Ball 1-1: Called Strike 1-2: Strikes out swinging
|
| Top of the 2nd over - 0 runs, 2 hits, 0 errors, 2 left on base; University of Alabama 0 - University of Oklahoma 0 |
| BOTTOM OF THE 2ND |
|
University of Oklahoma Sooners batting - Pitching for University of Alabama Crimson Tide : RHP Kirk James
|
|
Batting: RHB Sam Mason
|
0-0: Ball 1-0: Swinging Strike 1-1: Ground out 6-3 (Groundball, 6, EV 101.2 MPH)
|
|
Batting: RHB Victor Borras
|
0-0: Fly out, F8 (Line Drive, 8LD, EV 110.0 MPH)
|
|
Batting: RHB Alex Perez
|
0-0: Called Strike 0-1: Ground out 6-3 (Groundball, 6, EV 75.6 MPH)
|
| Bottom of the 2nd over - 0 runs, 0 hits, 0 errors, 0 left on base; University of Alabama 0 - University of Oklahoma 0 |
| TOP OF THE 3RD |
|
University of Alabama Crimson Tide batting - Pitching for University of Oklahoma Sooners : RHP Hi-yuan Hui
|
|
Batting: LHB Brian Van
|
0-0: Ball 1-0: Fly out, F5 (Popup, 25F, EV 86.2 MPH)
|
|
Batting: RHB Juan Araiza
|
0-0: Swinging Strike 0-1: Fly out, F7 (Flyball, 7D, EV 108.1 MPH)
|
|
Batting: RHB B.J. Clark
|
0-0: Ball 1-0: Called Strike 1-1: Foul Ball, location: 2F 1-2: Ball 2-2: Strikes out looking
|
| Top of the 3rd over - 0 runs, 0 hits, 0 errors, 0 left on base; University of Alabama 0 - University of Oklahoma 0 |
| BOTTOM OF THE 3RD |
|
University of Oklahoma Sooners batting - Pitching for University of Alabama Crimson Tide : RHP Kirk James
|
|
Batting: RHB Eric Kent
|
0-0: Called Strike 0-1: Swinging Strike 0-2: Strikes out swinging
|
|
Batting: LHB Alex Benabides
|
0-0: Ground out 6-3 (Groundball, 6, EV 83.8 MPH)
|
|
Batting: RHB Jon Chatman
|
0-0: Swinging Strike 0-1: Ball 1-1: Foul Ball, location: 2F 1-2: Strikes out swinging
|
| Bottom of the 3rd over - 0 runs, 0 hits, 0 errors, 0 left on base; University of Alabama 0 - University of Oklahoma 0 |
| TOP OF THE 4TH |
|
University of Alabama Crimson Tide batting - Pitching for University of Oklahoma Sooners : RHP Hi-yuan Hui
|
|
Batting: RHB Hughie Withers
|
0-0: Ball 1-0: Foul Ball, location: 2F 1-1: Ball 2-1: Foul Ball, location: 2F 2-2: Foul Ball, location: 2F 2-2: Foul Ball, location: 2F 2-2: Ball 3-2: Foul Ball, location: 2F 3-2: Ground out 6-3 (Groundball, 6, EV 108.1 MPH)
|
|
Batting: LHB Danny Schultz
|
0-0: Ball 1-0: Ball 2-0: Ball 3-0: Fly out, F6 (Popup, 15, EV 81.9 MPH)
|
|
Batting: RHB Eric Kilmer
|
0-0: Ball 1-0: Ball 2-0: Foul Ball, location: 2F 2-1: Ball 3-1: Foul Ball, location: 2F 3-2: Base on Balls
|
|
Batting: RHB Gustavo Delgado
|
0-0: 2-RUN HOME RUN (Flyball, 7D, EV 98.1 MPH), Distance : 370 ft
|
|
Batting: RHB Matt Williams
|
0-0: Ball 1-0: Called Strike 1-1: Ball 2-1: Ball 3-1: Foul Ball, location: 2F 3-2: Base on Balls
|
|
Batting: LHB Edwin Vasquez
|
0-0: Ball 1-0: Ground out 4-3 (Groundball, 34, EV 103.1 MPH)
|
| Top of the 4th over - 2 runs, 1 hit, 0 errors, 1 left on base; University of Alabama 2 - University of Oklahoma 0 |
| BOTTOM OF THE 4TH |
|
University of Oklahoma Sooners batting - Pitching for University of Alabama Crimson Tide : RHP Kirk James
|
|
Batting: LHB Cameron Marinelli
|
0-0: Foul Ball, location: 2F 0-1: Called Strike 0-2: Foul Ball, location: 2F 0-2: Ball 1-2: SINGLE (Line Drive, 7S, EV 112.5 MPH)
|
|
Batting: RHB Jesus Montoya
|
0-0: Ball Cameron Marinelli is caught stealing 2nd base 2-4 1-0: Ball 2-0: Called Strike 2-1: Ground out 4-3 (Groundball, 34, EV 86.2 MPH)
|
|
Batting: LHB Alex Gutierrez
|
0-0: Called Strike 0-1: Fly out, F7 (Flyball, 7LM, EV 88.1 MPH)
|
| Bottom of the 4th over - 0 runs, 1 hit, 0 errors, 0 left on base; University of Alabama 2 - University of Oklahoma 0 |
| TOP OF THE 5TH |
|
University of Alabama Crimson Tide batting - Pitching for University of Oklahoma Sooners : RHP Hi-yuan Hui
|
|
Batting: LHB Brian Van
|
0-0: Called Strike 0-1: Ball 1-1: Ball 2-1: Called Strike 2-2: Foul Ball, location: 2F 2-2: Strikes out swinging
|
|
Pitching: LHP Chris Taggart
|
|
|
Batting: RHB Juan Araiza
|
0-0: Ball 1-0: Ball 2-0: Foul Ball, location: 2F 2-1: Swinging Strike 2-2: Strikes out swinging
|
|
Batting: RHB B.J. Clark
|
0-0: Ball 1-0: Ball 2-0: Foul Ball, location: 2F 2-1: Ball 3-1: SOLO HOME RUN (Flyball, 78XD, EV 105.6 MPH), Distance : 413 ft
|
|
Batting: RHB Hughie Withers
|
0-0: Ball 1-0: Fly out, F8 (Flyball, 8LM, EV 84.4 MPH)
|
| Top of the 5th over - 1 run, 1 hit, 0 errors, 0 left on base; University of Alabama 3 - University of Oklahoma 0 |
| BOTTOM OF THE 5TH |
|
University of Oklahoma Sooners batting - Pitching for University of Alabama Crimson Tide : RHP Kirk James
|
|
Batting: RHB Sam Mason
|
0-0: Ball 1-0: Ball 2-0: Swinging Strike 2-1: Ball 3-1: Foul Ball, location: 2F 3-2: Strikes out swinging
|
|
Batting: RHB Victor Borras
|
0-0: Swinging Strike 0-1: Ball 1-1: Foul Ball, location: 2F 1-2: Ball 2-2: Strikes out swinging
|
|
Batting: RHB Alex Perez
|
0-0: Ball 1-0: Ball 2-0: Foul Ball, location: 2F 2-1: Ball 3-1: Base on Balls
|
|
Batting: RHB Eric Kent
|
0-0: Called Strike 0-1: TRIPLE (Flyball, 78XD, EV 100.6 MPH) Alex Perez scores
|
|
Batting: LHB Alex Benabides
|
0-0: Foul Ball, location: 2F 0-1: Foul Ball, location: 2F 0-2: Foul Ball, location: 2F 0-2: Strikes out looking
|
| Bottom of the 5th over - 1 run, 1 hit, 0 errors, 1 left on base; University of Alabama 3 - University of Oklahoma 1 |
| TOP OF THE 6TH |
|
University of Alabama Crimson Tide batting - Pitching for University of Oklahoma Sooners : LHP Chris Taggart
|
|
Pinch Hitting: RHB Onorato Zacagnini
|
0-0: Reached on error, E5 (Groundball, 56, EV 83.8 MPH)
|
|
Batting: RHB Eric Kilmer
|
0-0: Ball 1-0: Foul Ball, location: 2F 1-1: Foul Ball, location: 2F 1-2: Ball 2-2: Foul Ball, location: 2F 2-2: Foul Ball, location: 2F 2-2: Ball 3-2: Strikes out swinging
|
|
Batting: RHB Gustavo Delgado
|
0-0: Ball 1-0: Called Strike 1-1: Called Strike 1-2: Ball 2-2: Foul Ball, location: 2F 2-2: Ball 3-2: Foul Ball, location: 2F 3-2: DOUBLE (Line Drive, 78D, EV 101.9 MPH) Onorato Zacagnini to third
|
|
Batting: RHB Matt Williams
|
0-0: Intentional Walk
|
|
Batting: LHB Edwin Vasquez
|
0-0: Ball 1-0: Ball 2-0: Called Strike 2-1: Foul Ball, location: 2F 2-2: SINGLE (Groundball, 4MD, EV 95.6 MPH) Onorato Zacagnini scores Gustavo Delgado to third Matt Williams to second
|
|
Batting: LHB Brian Van
|
0-0: Called Strike 0-1: Ball 1-1: Called Strike 1-2: Strikes out swinging
|
|
Batting: RHB Juan Araiza
|
0-0: Ball 1-0: Fly out, F8 (Flyball, 8RD, EV 103.1 MPH)
|
| Top of the 6th over - 1 run, 2 hits, 1 error, 3 left on base; University of Alabama 4 - University of Oklahoma 1 |
| BOTTOM OF THE 6TH |
|
University of Oklahoma Sooners batting - Pitching for University of Alabama Crimson Tide : RHP Kirk James
|
|
Now in CF: Joe Blackwood
|
|
|
Batting: RHB Jon Chatman
|
0-0: Called Strike 0-1: Swinging Strike 0-2: Ball 1-2: Strikes out looking
|
|
Batting: LHB Cameron Marinelli
|
0-0: Ball 1-0: Ground out 6-3 (Groundball, 6M, EV 101.2 MPH)
|
|
Batting: RHB Jesus Montoya
|
0-0: Ground out 1-3 (Groundball, 15S, EV 66.2 MPH)
|
| Bottom of the 6th over - 0 runs, 0 hits, 0 errors, 0 left on base; University of Alabama 4 - University of Oklahoma 1 |
| TOP OF THE 7TH |
|
University of Alabama Crimson Tide batting - Pitching for University of Oklahoma Sooners : LHP Chris Taggart
|
|
Pitching: LHP Bobby Cimilluca
|
|
|
Batting: RHB B.J. Clark
|
0-0: Called Strike 0-1: Ball 1-1: Swinging Strike 1-2: Ball 2-2: Foul Ball, location: 2F 2-2: Hit by Pitch
|
|
Batting: RHB Hughie Withers
|
0-0: Fielders Choice at 2nd, 4-6 (Groundball, 34, EV 90.6 MPH)
|
|
Batting: LHB Joe Blackwood
|
0-0: Ball 1-0: Called Strike 1-1: Reached on error, E4 (Groundball, 4D, EV 88.1 MPH) Hughie Withers to second
|
|
Batting: RHB Eric Kilmer
|
0-0: Called Strike 0-1: Ball 1-1: Called Strike 1-2: Foul Ball, location: 2F 1-2: Ball 2-2: Foul Ball, location: 2F 2-2: Foul Ball, location: 2F 2-2: Hit by Pitch Hughie Withers to third Joe Blackwood to second
|
|
Batting: RHB Gustavo Delgado
|
0-0: Called Strike 0-1: Foul Ball, location: 2F 0-2: SINGLE (Groundball, 34D, EV 106.9 MPH) Hughie Withers scores Joe Blackwood to third Eric Kilmer to second Runner from 3rd tries for Home, SAFE, throw by RF to home
|
|
Batting: RHB Matt Williams
|
0-0: Foul Ball, location: 2F 0-1: Grounds into double play, 4-6-3 (Groundball, 4, EV 100.6 MPH)
|
| Top of the 7th over - 2 runs, 1 hit, 1 error, 1 left on base; University of Alabama 6 - University of Oklahoma 1 |
| BOTTOM OF THE 7TH |
|
University of Oklahoma Sooners batting - Pitching for University of Alabama Crimson Tide : RHP Kirk James
|
|
Batting: RHB Sugiarto Kartosuwiryo
|
0-0: Called Strike 0-1: Called Strike 0-2: Ball 1-2: Foul Ball, location: 2F 1-2: Foul Ball, location: 2F 1-2: Foul Ball, location: 2F 1-2: Strikes out looking
|
|
Pitching: RHP Gabriel Bass
|
|
|
Batting: RHB Sam Mason
|
0-0: Foul Ball, location: 2F 0-1: Called Strike 0-2: Ball 1-2: Foul Ball, location: 2F 1-2: Foul Ball, location: 2F 1-2: Ground out 6-3 (Groundball, 56, EV 85.6 MPH)
|
|
Pinch Hitting: LHB Pedro Marrero
|
0-0: Called Strike 0-1: Foul Ball, location: 2F 0-2: Ball 1-2: Ground out 5-3 (Groundball, 56, EV 107.5 MPH)
|
| Bottom of the 7th over - 0 runs, 0 hits, 0 errors, 0 left on base; University of Alabama 6 - University of Oklahoma 1 |
| TOP OF THE 8TH |
|
University of Alabama Crimson Tide batting - Pitching for University of Oklahoma Sooners : LHP Bobby Cimilluca
|
|
Now at 1B: Jon Terrones
|
|
|
Pinch Hitting: LHB Matt Barkley
|
0-0: Swinging Strike 0-1: Ground out 4-3 (Groundball, 34, EV 89.4 MPH)
|
|
Batting: LHB Brian Van
|
0-0: Called Strike 0-1: Swinging Strike 0-2: Ball 1-2: Strikes out swinging
|
|
Batting: RHB Juan Araiza
|
0-0: Ball 1-0: Called Strike 1-1: Ball 2-1: Swinging Strike 2-2: Strikes out looking
|
| Top of the 8th over - 0 runs, 0 hits, 0 errors, 0 left on base; University of Alabama 6 - University of Oklahoma 1 |
| BOTTOM OF THE 8TH |
|
University of Oklahoma Sooners batting - Pitching for University of Alabama Crimson Tide : RHP Gabriel Bass
|
|
Now in RF: Robby Ramires
|
|
|
Pinch Hitting: SHB Orlando Uribe
|
0-0: Called Strike 0-1: Ball 1-1: Foul Ball, location: 2F 1-2: Ball 2-2: Foul Ball, location: 2F 2-2: Ball 3-2: SINGLE (Groundball, 56D, EV 97.5 MPH)
|
|
Pinch Hitting: RHB David Stuckey
|
0-0: Ball 1-0: Foul Ball, location: 2F 1-1: Called Strike 1-2: Foul Ball, location: 2F 1-2: Foul Ball, location: 2F 1-2: Strikes out swinging
|
|
Pinch Hitting: RHB Kjeld Leen
|
0-0: Ball 1-0: Called Strike 1-1: Swinging Strike 1-2: Strikes out swinging
|
|
Batting: RHB Jon Chatman
|
0-0: Fielders Choice at 2nd, 5-4 (Groundball, 5, EV 107.5 MPH)
|
| Bottom of the 8th over - 0 runs, 1 hit, 0 errors, 1 left on base; University of Alabama 6 - University of Oklahoma 1 |
| TOP OF THE 9TH |
|
University of Alabama Crimson Tide batting - Pitching for University of Oklahoma Sooners : LHP Bobby Cimilluca
|
|
Now at 3B: David Stuckey
|
|
|
Now in LF: Kjeld Leen
|
|
|
Now in RF: Orlando Uribe
|
|
|
Pinch Hitting: RHB Fernando Reyes
|
0-0: Ball 1-0: Ground out 6-3 (Groundball, 6, EV 90.0 MPH)
|
|
Pitching: LHP Doug Lacenaire
|
|
|
Batting: RHB Hughie Withers
|
0-0: Ball 1-0: Swinging Strike 1-1: Ground out 5-3 (Groundball, 56, EV 89.4 MPH)
|
|
Batting: LHB Joe Blackwood
|
0-0: Ball 1-0: Fly out, F9 (Flyball, 9, EV 93.1 MPH)
|
| Top of the 9th over - 0 runs, 0 hits, 0 errors, 0 left on base; University of Alabama 6 - University of Oklahoma 1 |
| BOTTOM OF THE 9TH |
|
University of Oklahoma Sooners batting - Pitching for University of Alabama Crimson Tide : RHP Gabriel Bass
|
|
Now at 2B: Rodrik Gardner
|
|
|
Batting: LHB Cameron Marinelli
|
0-0: Called Strike 0-1: SINGLE (Line Drive, 7LS, EV 101.9 MPH)
|
|
Pinch Hitting: RHB Ruben Arreola
|
0-0: Foul Ball, location: 2F 0-1: Foul Ball, location: 2F 0-2: Fielders Choice at 2nd, 5-4 (Groundball, 56, EV 103.1 MPH)
|
|
Batting: RHB Sugiarto Kartosuwiryo
|
0-0: Fielders Choice at 2nd, 2-6 (Groundball, 13S, EV 70.0 MPH)
|
|
Batting: RHB Sam Mason
|
0-0: Ball 1-0: Reached on error, E5 (Groundball, 5, EV 102.5 MPH) Sugiarto Kartosuwiryo to second
|
|
Batting: LHB Jon Terrones
|
0-0: Called Strike 0-1: Ball 1-1: Foul Ball, location: 2F 1-2: Ball 2-2: Foul Ball, location: 2F 2-2: Ball 3-2: Fly out, F8 (Flyball, 8RS, EV 82.5 MPH)
|
| Bottom of the 9th over - 0 runs, 1 hit, 1 error, 2 left on base; University of Alabama 6 - University of Oklahoma 1 |
|